 Dungeon Crawl Stone Soup version 0.30-a0-721-ga6a225cb13 (webtiles) character file.

Game seed: 3522769662242257237

37 Arximoufas the Cutter (level 3, 0/27 HPs)
             Began as a Demonspawn Warper on Jan 27, 2023.
             Slain by an orc wizard
             ... wielding a +0 dagger
              (3 damage)
             ... on level 3 of the Dungeon.
             The game lasted 00:04:21 (1100 turns).

Arximoufas the Cutter (Demonspawn Warper)           Turns: 1100, Time: 00:04:21

Health: 0/27       AC:  3    Str: 13    XL:     3   Next: 23%
Magic:  6/6        EV: 13    Int: 14    God:
Gold:   67         SH:  0    Dex: 12    Spells: 6/6 levels left

rFire   . . .      SeeInvis .    a - +0 short sword
rCold   . . .      Faith    .    (no shield)
rNeg    . . .      Spirit   .    b - +0 leather armour
rPois   .          Reflect  .    (no helmet)
rElec   .          Harm     .    (no cloak)
rCorr   .          Rampage  .    (no gloves)
Will    .....                    (no boots)
Stlth   +                        (no amulet)
HPRegen 0.24/turn                (no ring)
MPRegen 0.10/turn                (no ring)

@: attractive
A: repulsion field 1, powered by pain 1
a: no special abilities


You were on level 3 of the Dungeon.
You visited 1 branch of the dungeon, and saw 3 of its levels.

You collected 67 gold pieces.

Inventory:

Hand Weapons
 a - a +0 short sword (weapon)
Missiles
 d - 7 boomerangs of dispersal
 m - a datura-tipped dart (quivered)
Armour
 b - a +0 leather armour (worn)
 f - a +0 ring mail
Jewellery
 g - an amulet of faith
 h - a ring of wizardry
Scrolls
 e - a scroll of vulnerability {unknown}
 j - a scroll of fear {unknown}
 k - 3 scrolls of magic mapping {unknown}
 l - 3 scrolls of identify {unknown}
Potions
 i - a potion of attraction


   Skills:
 - Level 2.0 Fighting
 * Level 3.0 Short Blades
 - Level 0.8 Throwing
 - Level 0.8 Armour
 - Level 1.7 Dodging
 + Level 1.4 Stealth
 - Level 2.0 Spellcasting
 - Level 2.6 Translocations


You had 6 spell levels left.
You didn't know any spells.
Your spell library contained the following spells:

 Spells                   Type           Power      Damage    Failure   Level
 Blink                    Tloc           16%        N/A       16%         2
 Lesser Beckoning         Tloc           16%        N/A       16%         2
 Teleport Other           Tloc           8%         N/A       30%         3
 Vhi's Electric Charge    Tloc/Air       10%        N/A       45%         3
 Manifold Assault         Tloc           8%         N/A       69%         4


Dungeon Overview and Level Annotations

Branches:
Dungeon (3/15)

Altars:

Annotations:
D:2 Sigmund


Innate Abilities, Weirdness & Mutations

You are surrounded by a mild repulsion field. (EV +2)
You sometimes gain a little power by taking damage.


Message History

The orc wizard hits you with a +0 dagger.
* * * LOW HITPOINT WARNING * * *
The orc priest barely misses you.
It was a potion of attraction.
You feel attractive to monsters. The orc wizard closely misses you.
The orc priest barely misses you.
Blink to where?
Press: ? - help, Dir - move target, p - orc priest
As you read the scroll of blinking, it crumbles to dust.
The orc wizard is attracted toward you. The orc wizard is attracted toward you.
The orc wizard points at you and mumbles some strange words.
You resist with significant effort. The orc wizard is attracted toward you.
Throw: 2 darts (datura)
Press: ? - help, Q - select action, (/) - cycle Shift-Dir - straight line, f - orc wizard
Aim: an orc wizard, wielding a +0 dagger and wearing a +0 robe (50% to hit, chance to frenzy on hit: 80%)
You throw a datura-tipped dart.
The datura-tipped dart hits the orc wizard.
The orc wizard flies into a frenzy!
The orc wizard closely misses you.
You hit the orc wizard.
The orc wizard is lightly wounded.
The orc wizard hits you with a +0 dagger.
* * * LOW HITPOINT WARNING * * *
The orc wizard hits you with a +0 dagger.
* * * LOW HITPOINT WARNING * * *
You hit the orc wizard but do no damage.
The orc wizard is lightly wounded.
The orc wizard barely misses you.
The orc wizard shouts!
The orc wizard barely misses you. What are your orders? t - Shout!
Orders for allies: a - Attack new target. p - Attack previous target. r - Retreat! s - Stop attacking. g - Guard the area. f - Follow me.
Anything else - Cancel.
Guard this area!
The orc wizard hits you with a +0 dagger.
You die...

#.# ... #.#
...#..<..#..# #.#
...#...#.#..# #.#
#.....#.#..# #.#
#..........# #.#
#.......##.####.####
##..#....##.........#
#........##....@#####
.#......>.##.###o#
.#......#....# #.#
[.......########(#
.#....#.# #...§..#
........###.##########
##.#...).......o..§).#
#.#<.#........####o##
#.#.##.#.#.##.# h#


You could see a neutral orc wizard (fast, strong, insane).

Vanquished Creatures
  An adder (D:3)
  2 orcs (D:3)
  2 ball pythons (D:1)
  2 endoplasms (D:1)
  2 goblins
  4 hobgoblins
  2 kobolds (D:1)
  3 quokkas (D:1)
  3 frilled lizards (D:1)
  2 rats (D:1)
23 creatures vanquished.

Notes
Turn   | Place    | Note
-------+----------+-------------------------------------------
     0 | D:1      | Arximoufas the Demonspawn Warper began the quest for the
                  | Orb.
     0 | D:1      | Reached XP level 1. HP: 16/16 MP: 3/3
   105 | D:1      | Reached skill level 2 in Short Blades
   286 | D:1      | Gained mutation: You are surrounded by a mild repulsion
                  | field. (EV +2) [demonic ancestry]
   286 | D:1      | Reached XP level 2. HP: 12/22 MP: 5/5
   501 | D:1      | Found a faded altar of an unknown god.
   591 | D:1      | Reached skill level 1 in Stealth
   921 | D:2      | Noticed Sigmund
  1030 | D:3      | Gained mutation: You sometimes gain a little power by
                  | taking damage. [demonic ancestry]
  1030 | D:3      | Reached XP level 3. HP: 24/27 MP: 6/6
  1076 | D:3      | Reached skill level 3 in Short Blades
  1100 | D:3      | Slain by an orc wizard

Illustrated notes

Levels and vault maps discovered:
D:1:      psy_arrival_terrarium, layout_loops_ring,
          hellmonk_ecumenical_altar_pennies_from_heaven
D:2:      layout_basic, uniq_sigmund, uniq_crazy_yiuf_cottage
D:3:      layout_basic, riverfiend_overflow_shadow_ancestor

Skill      XL: |  1  2  3 |
---------------+----------+-----
Short Blades   | 2 3 |  3.0
Stealth        | 1 |  1.4
Fighting       | |  2.0
Throwing       | |  0.8
Armour         | |  0.8
Dodging        | |  1.7
Spellcasting   | |  2.0
Translocations | |  2.6

Action                     || total
---------------------------++-------
  Melee: Short sword       ||   117
         Punch             ||     2
  Throw: Dart              ||     5
    Use: Scroll            ||     1
         Potion            ||     1
   Stab: Sleeping          ||     2
 Armour: Leather armour    ||    14
  Dodge: Dodged            ||    63

Table legend: (Time is in decaauts)
 A = Elapsed time spent in this place.
 B = Non-inter-level travel time spent in this place.
 C = Inter-level travel time spent in this place.
 D = Time resting spent in this place.
 E = Time spent auto-exploring this place.
 F = Levels seen in this place.
 G = Mean time per level.
                   A        B        C        D        E       F      G
               +--------+--------+--------+--------+--------+-----+--------+
         Total |   1089 |   1064 |     25 |    106 |    738 |   3 |  363.0 |
       Dungeon |   1089 |   1064 |     25 |    106 |    738 |   3 |  363.0 |
               +--------+--------+--------+--------+--------+-----+--------+

Top non-repeatable levels by time:
     D:1: 927 daAuts
     D:3: 123 daAuts
     D:2: 37 daAuts
